 Dungeon Crawl Stone Soup version 0.30.0-5-g1a98f26d00 (webtiles) character file.

Game seed: 2482738329073831683

14 SnakkuSnakku7 the Magician (level 2, -1/17 HPs)
             Began as a Deep Elf Transmuter on May 11, 2023.
             Slain by a gnoll
             ... wielding a +0 whip
              (8 damage)
             ... on level 1 of the Dungeon.
             The game lasted 00:00:42 (277 turns).

SnakkuSnakku7 the Magician (Deep Elf Transmuter)     Turns: 277, Time: 00:00:42

Health: -1/17      AC:  2    Str:  7    XL:     2   Next: 31%
Magic:  8/8        EV: 12    Int: 17    God:
Gold:   32         SH:  0    Dex: 15    Spells: 6/7 levels left

rFire   . . .        c - +0 short sword
rCold   . . .        (no shield)
rNeg    . . .        a - +0 robe
rPois   .            (helmet currently unavailable)
rElec   .            (no cloak)
rCorr   .            (no gloves)
SInv    .            (boots currently unavailable)
Will    .....        (no amulet)
Stlth   +            (no ring)
HPRegen 0.22/turn    (no ring)
MPRegen 0.11/turn

%: no passive effects
@: appendages
A: horns 2, talons 2
a: End Transformation


You were on level 1 of the Dungeon.
You had temporarily grown beastly horns and talons.
You visited 1 branch of the dungeon, and saw 1 of its levels.

You collected 32 gold pieces.

Inventory:

Hand Weapons
 c - a +0 short sword (weapon)
Armour
 a - a +0 robe (worn)
Scrolls
 f - a scroll of amnesia {unknown}
 g - a scroll of immolation {unknown}
Potions
 b - a potion of lignification
 d - a potion of invisibility {unknown}
 e - a potion of mutation {unknown}


   Skills:
 + Level 2.0 Fighting
 - Level 2.4 Dodging
 - Level 2.4 Unarmed Combat
 - Level 3.0 Spellcasting
 - Level 2.1 Transmutations


You had 6 spell levels left.
You knew the following spells:

 Your Spells              Type           Power      Damage    Failure   Level
a - Beastly Appendage     Tmut           20%        N/A       7%          1

Your spell library contained the following spells:

 Spells                   Type           Power      Damage    Failure   Level
 Wereblood                Tmut           10%        N/A       11%         2
 Spider Form              Tmut/Pois      6%         N/A       32%         3
 Ice Form                 Ice/Tmut       6%         N/A       73%         4


Dungeon Overview and Level Annotations

Branches:
Dungeon (1/15)

Altars:


Innate Abilities, Weirdness & Mutations

You have temporarily grown beastly horns and talons.


Message History

Your horns disappear.
Your talons disappear.
You start resting.
HP restored.
f - a scroll labelled DIBOMA MIHOOXOLE You see here a +0 dagger.
g - a scroll labelled LIETYGROERY A gnoll and a quokka come into view.
The gnoll moves out of view.
Found a scroll labelled XEZYNELEHU.
The gnoll closely misses you.
Casting: Beastly Appendage (safe; 7% risk of failure)
Confirm with . or Enter, or press ? or * to list all spells.
You grow a pair of large bovine horns.
Your feet morph into talons.
The gnoll barely misses you.
You barely miss the gnoll. You claw the gnoll.
The gnoll is moderately wounded.
The gnoll hits you with a +0 whip. The gnoll attacks as you move away!
The gnoll barely misses you. The quokka misses you.
You closely miss the quokka. The quokka bites you.
You miss the quokka.
The quokka bites you but does no damage.
You barely miss the quokka. The quokka bites you.
You barely miss the quokka.
The quokka bites you but does no damage.
You hit the quokka. Your kick misses the quokka. You headbutt the quokka.
You kill the quokka!
Your Fighting skill increases to level 2!
You hit the gnoll but do no damage. Your kick misses the gnoll.
The gnoll is moderately wounded.
The gnoll hits you with a +0 whip!
You are too injured to fight recklessly!
You are too injured to fight recklessly!
You are too injured to fight recklessly!
You barely miss the gnoll. You claw the gnoll.
The gnoll is moderately wounded.
The gnoll hits you but does no damage.
You hit the gnoll but do no damage.
The gnoll is moderately wounded.
The gnoll hits you with a +0 whip!
You die...

#.....## #........
#......#######........
#.....................
#.....#...............
#.....#.######........
#.###.#........##.####
..# #.#...####.##.#
#####.#...####.##.#
......#...#.....@.#
#######...#.##.##g#
#######...#.##.#?....#
....†.......##.......+
#######.###....#.....#
# ................ ###
.###....#.....### ..#
.. #....####### ..# .#
#...


You could see a gnoll.

Vanquished Creatures
  A dart slug (D:1)
  A hobgoblin (D:1)
  2 quokkas (D:1)
  3 bats (D:1)
  2 goblins (D:1)
  2 kobolds (D:1)
  A rat (D:1)
12 creatures vanquished.

Notes
Turn   | Place    | Note
-------+----------+-------------------------------------------
     0 | D:1      | SnakkuSnakku7 the Deep Elf Transmuter began the quest for
                  | the Orb.
     0 | D:1      | Reached XP level 1. HP: 11/11 MP: 6/6
    39 | D:1      | Reached skill level 1 in Fighting
   191 | D:1      | Reached XP level 2. HP: 12/17 MP: 6/8
   277 | D:1      | Slain by a gnoll

Illustrated notes

Levels and vault maps discovered:
D:1:      lightli_arrival_statue_moat, layout_basic, minmay_quantized

Skill      XL: |  1  2 |
---------------+-------+-----
Fighting       | 1 2 |  2.0
Dodging        | |  2.4
Unarmed Combat | |  2.4
Spellcasting   | |  3.0
Transmutations | |  2.1

Action                     || total
---------------------------++-------
  Melee: Short sword       ||    30
         Unarmed           ||     6
         Kick              ||     8
         Headbutt          ||     4
   Cast: Beastly Appendage ||     4
 Armour: Robe              ||    16
  Dodge: Dodged            ||    29
